[Event "DVM U10 2024"]
[Site "Duesseldorf"]
[Date "2024.12.27"]
[Round "1"]
[White "Kirchgessner, Thomas"]
[Black "Glavev, Victor"]
[Result "1-0"]
[ECO "C50"]
[WhiteElo "1094"]
[BlackElo "1443"]
[Annotator "NA RC"]
[PlyCount "81"]
[EventDate "2024.12.23"]
[EventType "team-tourn"]
[EventRounds "7"]
[EventCountry "GER"]
[SourceTitle "playchess.com"]
[Source "ChessBase"]
[SourceQuality "1"]
[TimeControl "3300+5"]

1. e4 e5 2. Nf3 Nc6 3. Bc4 Bc5 4. Nc3 Nf6 5. d3 h6 6. Be3 Bb6 7. d4 Ng4 8. h3 Nxe3 9. fxe3 d6 10. Bb5 a6 11. Ba4 O-O 12. O-O Qf6 13. Nxe5 Qg5 14. Nxc6 bxc6 15. Qf3 Bd7 16. Rae1 Rad8 17. Qf4 Qg6 18. Rf3 f5 19. Qg3 Qxg3 20. Rxg3 fxe4 21. Nxe4 d5 22. Nc3 Rb8 23. Nxd5 Ba5 24. Rb1 Kh8 25. b4 cxd5 26. Bxd7 Rf7 27. Be6 Rf6 28. Bxd5 c6 29. Bb3 Bc7 30. Rf3 Rxf3 31. gxf3 Rxb4 32. Kg2 Rb5 33. Rg1 Rg5+ 34. Kf2 Rh5 35. Rh1 Rg5 36. f4 Rf5 37. Rg1 g5 38. Rg4 Kg7 39. Kg3 Kf6 40. Kf3 Bd8 41. Ke4 1-0

[Event "DVM U10 2024"]
[Site "Duesseldorf"]
[Date "2024.12.27"]
[Round "1"]
[White "Chen, Aimée"]
[Black "Bauta, Luan"]
[Result "0-1"]
[ECO "C50"]
[WhiteElo "1090"]
[BlackElo "1063"]
[Annotator "NA RC"]
[PlyCount "134"]
[EventDate "2024.12.23"]
[EventType "team-tourn"]
[EventRounds "7"]
[EventCountry "GER"]
[SourceTitle "playchess.com"]
[Source "ChessBase"]
[SourceQuality "1"]
[TimeControl "3300+5"]

1. e4 e5 2. Nf3 Nc6 3. Bc4 Nf6 4. Nc3 Bc5 5. d3 d6 6. h3 h6 7. O-O O-O 8. Be3 Bb6 9. d4 exd4 10. Nxd4 Ne7 11. Qf3 Ng6 12. Qg3 Ne5 13. Be2 Bxd4 14. Bxd4 Re8 15. Rad1 Be6 16. Bxe5 Qe7 17. Bf4 g5 18. Be3 Rad8 19. Bxa7 b6 20. Qe3 Ra8 21. Bxb6 cxb6 22. Qxb6 Rad8 23. Qe3 Bc8 24. Bb5 Bd7 25. Bxd7 Rxd7 26. Rfe1 Qe6 27. f3 Qe5 28. Nd5 Nxd5 29. Rxd5 Qxb2 30. Qb3 Qf6 31. Rf5 Qg6 32. Qc3 d5 33. Qf6 Qxf6 34. Rxf6 Kg7 35. Rb6 f5 36. e5 h5 37. Kf2 d4 38. e6 Rdd8 39. a4 d3 40. cxd3 Rxd3 41. a5 Ra3 42. a6 f4 43. Rb7+ Kf6 44. e7 Rxa6 45. Rd7 Re6 46. Rxe6+ Kxe6 47. Rd4 Rxe7 48. Re4+ Kd6 49. Rxe7 Kxe7 50. g3 Kd6 51. gxf4 gxf4 52. Ke2 Kd5 53. Kd3 h4 54. Ke2 Kc4 55. Kf2 Kd3 56. Kg2 Ke2 57. Kg1 Kxf3 58. Kf1 Kg3 59. Kg1 f3 60. Kh1 Kxh3 61. Kg1 Kg3 62. Kh1 Kf2 63. Kh2 Ke2 64. Kg1 f2+ 65. Kh2 Kf3 66. Kh1 f1=Q+ 67. Kh2 Qg2# 0-1

[Event "DVM U10 2024"]
[Site "Duesseldorf"]
[Date "2024.12.27"]
[Round "1"]
[White "Kutschenreuter, Leo"]
[Black "Vlad, Mark"]
[Result "0-1"]
[ECO "B02"]
[WhiteElo "1085"]
[BlackElo "1439"]
[Annotator "NA RC"]
[PlyCount "70"]
[EventDate "2024.12.23"]
[EventType "team-tourn"]
[EventRounds "7"]
[EventCountry "GER"]
[SourceTitle "playchess.com"]
[Source "ChessBase"]
[SourceQuality "1"]
[TimeControl "3300+5"]

1. e4 d5 2. exd5 Nf6 3. Nc3 Nxd5 4. Bc4 Nxc3 5. bxc3 Nc6 6. d4 Bf5 7. Qf3 e6 8. Ne2 Bd6 9. O-O h6 10. Bb5 Qd7 11. Re1 O-O 12. Nf4 Bxc2 13. Qg4 Bf5 14. Qg3 Kh7 15. c4 a6 16. Ba4 Bb4 17. Nh5 Rg8 18. Re2 Qxd4 19. Rb1 Bxb1 20. Qxc7 Qxc4 21. h3 Qxe2 22. Bxh6 Qxh5 23. Be3 Rad8 24. Qxb7 Be4 25. f3 Bd5 26. Bc2+ Kh8 27. Qxa6 Bxf3 28. gxf3 Qxf3 29. Bf2 Rd2 30. Qf1 Rxc2 31. h4 Qf5 32. a4 Rxf2 33. Qd1 Bc5 34. Qd3 Qg4+ 35. Kh1 Qg2# 0-1

[Event "DVM U10 2024"]
[Site "Duesseldorf"]
[Date "2024.12.27"]
[Round "1"]
[White "Luo, Milo"]
[Black "Belyakov, Konstantin"]
[Result "0-1"]
[ECO "C01"]
[WhiteElo "1083"]
[BlackElo "1251"]
[Annotator "NA RC"]
[PlyCount "36"]
[EventDate "2024.12.23"]
[EventType "team-tourn"]
[EventRounds "7"]
[EventCountry "GER"]
[SourceTitle "playchess.com"]
[Source "ChessBase"]
[SourceQuality "1"]
[TimeControl "3300+5"]

1. e4 e6 2. d4 d5 3. Be3 Nf6 4. e5 Nfd7 5. f4 c5 6. c3 Nc6 7. Nf3 Qb6 8. Bd3 Qxb2 9. Nbd2 Qxc3 10. Qb3 Qxb3 11. axb3 cxd4 12. Nxd4 Nxd4 13. Bxd4 Bc5 14. Nf3 Bxd4 15. Nxd4 Nc5 16. Bc2 Bd7 17. O-O O-O 18. f5 b6 0-1

[Event "DVM U10 2024"]
[Site "Duesseldorf"]
[Date "2024.12.27"]
[Round "1"]
[White "Brakhane, Justus"]
[Black "Qu, Mengdi"]
[Result "1-0"]
[ECO "C01"]
[WhiteElo "1068"]
[BlackElo "1111"]
[Annotator "NA RC"]
[PlyCount "41"]
[EventDate "2024.12.23"]
[EventType "team-tourn"]
[EventRounds "7"]
[EventCountry "GER"]
[SourceTitle "playchess.com"]
[Source "ChessBase"]
[SourceQuality "1"]
[TimeControl "3300+5"]

1. e4 e6 2. d4 d5 3. exd5 exd5 4. Bd3 Nc6 5. c3 Nf6 6. Bf4 Bd6 7. Bxd6 Qxd6 8. Nd2 O-O 9. Ngf3 Bg4 10. O-O Ne7 11. Re1 Ng6 12. h3 Bh5 13. g4 Nxg4 14. hxg4 Bxg4 15. Bf1 Qf6 16. Bg2 Nh4 17. Re3 Rfe8 18. Qe2 Nxf3+ 19. Nxf3 Bxf3 20. Rxe8+ Rxe8 21. Qxe8# 1-0

[Event "DVM U10 2024"]
[Site "Duesseldorf"]
[Date "2024.12.27"]
[Round "1"]
[White "Pardo Lorz, Noah"]
[Black "Cheng, Louis"]
[Result "1-0"]
[ECO "C50"]
[WhiteElo "1067"]
[BlackElo "2087"]
[Annotator "RC"]
[PlyCount "153"]
[EventDate "2024.12.23"]
[EventType "team-tourn"]
[EventRounds "7"]
[EventCountry "GER"]
[SourceTitle "playchess.com"]
[Source "ChessBase"]
[SourceQuality "1"]
[TimeControl "3300+5"]

1. e4 e5 2. Nf3 Nc6 3. Bc4 Bc5 4. d3 d6 5. Be3 Bxe3 6. fxe3 Bg4 7. d4 exd4 8. exd4 Nf6 9. h3 Bh5 10. g4 Bg6 11. Nc3 Bxe4 12. Nxe4 Nxe4 13. Ng5 Qxg5 14. Qe2 Qf4 15. Rf1 Qg3+ 16. Kd1 O-O 17. Qxe4 Qxh3 18. Rh1 Rfe8 19. Qd5 Qxg4+ 20. Kc1 Re6 21. Qb5 Nxd4 22. Qxb7 Rae8 23. b3 Qf4+ 24. Kb2 Qd2 25. Rac1 Re3 26. Qxc7 Qc3+ 27. Kb1 d5 28. Qh2 Rh3 29. Qxh3 Qxh3 30. Rxh3 dxc4 31. bxc4 Rb8+ 32. Ka1 a5 33. Rh2 Nf3 34. Re2 Nd4 35. Re4 Nf3 36. Rd1 h6 37. Re3 Ng5 38. Rde1 Ne6 39. c5 Rc8 40. Kb1 Rxc5 41. Rg3 Nd4 42. Rh1 Ne2 43. Rg4 Nc3+ 44. Kb2 Nd5 45. Rxh6 Rb5+ 46. Kc1 Nc3 47. a3 Rd5 48. Rh3 Rd1+ 49. Kb2 Ne2 50. Rc4 Rd8 51. Rch4 Kf8 52. Rh8+ Ke7 53. Rxd8 Kxd8 54. Rh5 a4 55. Rd5+ Kc8 56. Ra5 Nd4 57. Rxa4 Ne6 58. Ra7 Ng5 59. c4 Kb8 60. Re7 Kc8 61. c5 g6 62. a4 f5 63. Rg7 Ne4 64. Rxg6 Nxc5 65. Rc6+ Kb7 66. Rxc5 f4 67. Rf5 Kb6 68. Rxf4 Ka5 69. Rf8 Kxa4 70. Rb8 Ka5 71. Kc3 Ka4 72. Rb1 Ka5 73. Kc4 Ka6 74. Kc5 Ka7 75. Kc6 Ka8 76. Kc7 Ka7 77. Ra1# 1-0

[Event "DVM U10 2024"]
[Site "Duesseldorf"]
[Date "2024.12.27"]
[Round "1"]
[White "Schacht, Jakob Otto"]
[Black "Thirumal, Shravan"]
[Result "1-0"]
[ECO "B03"]
[WhiteElo "1064"]
[BlackElo "1614"]
[Annotator "NA RC"]
[PlyCount "157"]
[EventDate "2024.12.23"]
[EventType "team-tourn"]
[EventRounds "7"]
[EventCountry "GER"]
[SourceTitle "playchess.com"]
[Source "ChessBase"]
[SourceQuality "1"]
[TimeControl "3300+5"]

1. e4 Nf6 2. e5 Nd5 3. d4 Nc6 4. Bc4 Nb6 5. Bb3 e6 6. Nf3 g6 7. Be3 d6 8. Nc3 Bg7 9. exd6 Qxd6 10. Qd2 O-O 11. O-O-O a5 12. a3 Nd5 13. Nxd5 exd5 14. Bh6 b5 15. Bxg7 Kxg7 16. Rde1 b4 17. a4 Ba6 18. Ne5 Nxe5 19. Rxe5 c5 20. Rxd5 Qc6 21. dxc5 Rac8 22. Qd4+ Qf6 23. Qxf6+ Kxf6 24. Rd6+ Kg5 25. Rxa6 Rxc5 26. Kd2 f5 27. Ke3 Re8+ 28. Kd4 Rc7 29. Rxa5 Rd8+ 30. Rd5 Re8 31. a5 Re4+ 32. Kd3 Rce7 33. Rd4 Re2 34. Rf1 R2e5 35. Rxb4 Rd7+ 36. Rd4 Ra7 37. Rd5 Ree7 38. Ra1 Rec7 39. Ra4 Re7 40. Kd2 Rec7 41. Rc4 Re7 42. Rc6 Reb7 43. Rb6 Re7 44. Rdb5 Red7+ 45. Rd5 Re7 46. a6 Rec7 47. Kd3 Re7 48. Bc4 Rec7 49. Rb7 Rcxb7 50. axb7 Rxb7 51. b3 Rb6 52. Kd4 Rb7 53. Kc5 Kf6 54. Rd6+ Ke7 55. Ba6 Rb8 56. Rb6 Ra8 57. Kc6 Kd8 58. Kd6 g5 59. c4 h5 60. c5 Ke8 61. c6 Rd8+ 62. Ke6 f4 63. c7 Ra8 64. c8=Q+ Rxc8 65. Bxc8 g4 66. Bd7+ Kf8 67. Rc6 Kg7 68. b4 h4 69. b5 g3 70. fxg3 h3 71. gxh3 f3 72. Rc2 Kg6 73. Rf2 Kg5 74. b6 Kg6 75. b7 Kg5 76. b8=Q Kg6 77. Qg8+ Kh5 78. Kf6 Kh6 79. Qg6# 1-0

[Event "DVM U10 2024"]
[Site "Duesseldorf"]
[Date "2024.12.27"]
[Round "1"]
[White "Steffen, Leon"]
[Black "Schubert, Anton"]
[Result "0-1"]
[ECO "C50"]
[WhiteElo "1058"]
[BlackElo "824"]
[Annotator "NA RC"]
[PlyCount "102"]
[EventDate "2024.12.23"]
[EventType "team-tourn"]
[EventRounds "7"]
[EventCountry "GER"]
[SourceTitle "playchess.com"]
[Source "ChessBase"]
[SourceQuality "1"]
[TimeControl "3300+5"]

1. e4 e5 2. Nf3 Nc6 3. Bc4 Bc5 4. O-O Nf6 5. d3 O-O 6. h3 d6 7. Nc3 Be6 8. Bxe6 fxe6 9. Ng5 Qe8 10. Nb5 Bb6 11. Be3 Qe7 12. Bxb6 axb6 13. Qf3 Ne8 14. Qh5 h6 15. Nf3 d5 16. Rad1 Qf6 17. c4 Rd8 18. cxd5 exd5 19. exd5 Rxd5 20. Nc3 Rd8 21. Ne4 Qf5 22. Qh4 b5 23. Rfe1 Qf4 24. Qh5 Nd6 25. Neg5 Nf7 26. Ne6 Qf6 27. Nxf8 Rxf8 28. Re4 b4 29. d4 exd4 30. Nxd4 Rd8 31. Rd3 Nxd4 32. Rexd4 Rxd4 33. Rf3 Rf4 34. Re3 Rxf2 35. Qd1 Qxb2 36. Qd5 Qxa2 37. Re8+ Kh7 38. Qe4+ g6 39. Re6 Rf5 40. g4 Rg5 41. h4 Qa1+ 42. Kf2 Nd6 43. Re7+ Kh8 44. Qe6 Qb2+ 45. Kf3 Qc3+ 46. Kf2 Qd4+ 47. Ke2 Rxg4 48. Qd7 Re4+ 49. Kf3 Qf6+ 50. Kg2 Rxe7 51. Qd8+ Ne8 0-1

[Event "DVM U10 2024"]
[Site "Duesseldorf"]
[Date "2024.12.27"]
[Round "1"]
[White "Müller, Charlie Erik"]
[Black "Wang, Alice"]
[Result "1-0"]
[ECO "C54"]
[WhiteElo "1043"]
[BlackElo "958"]
[Annotator "NA RC"]
[PlyCount "129"]
[EventDate "2024.12.23"]
[EventType "team-tourn"]
[EventRounds "7"]
[EventCountry "GER"]
[SourceTitle "playchess.com"]
[Source "ChessBase"]
[SourceQuality "1"]
[TimeControl "3300+5"]

1. e4 e5 2. Nf3 Nc6 3. Bc4 Nf6 4. d3 Bc5 5. c3 O-O 6. d4 exd4 7. cxd4 Bb4+ 8. Nc3 Nxe4 9. Qd3 Nd6 10. Ng5 Re8+ 11. Be3 Rxe3+ 12. fxe3 Qxg5 13. O-O-O b5 14. Nxb5 Nxc4 15. Qxc4 Qxe3+ 16. Kb1 Ba6 17. d5 Ne5 18. Qxb4 Nd3 19. Qb3 Bxb5 20. Qxb5 Nf2 21. Rde1 Qd2 22. Qxd7 h6 23. Re8+ Rxe8 24. Qxe8+ Kh7 25. Qe1 Qd3+ 26. Ka1 Nxh1 27. Qxh1 Qxd5 28. Qc1 Qxg2 29. a4 f5 30. Qxc7 Qxh2 31. Qxh2 g5 32. Qc7+ Kg6 33. Qd6+ Kh5 34. Qh2+ Kg6 35. b4 g4 36. Qh4 h5 37. a5 f4 38. Qf2 Kg5 39. Qc5+ Kh4 40. Qf2+ Kg5 41. Qc5+ Kh4 42. Qf2+ g3 43. Qxf4+ Kh3 44. Qf3 Kh2 45. Qxh5+ Kg1 46. b5 g2 47. Qg4 Kf1 48. Qxg2+ Kxg2 49. b6 axb6 50. axb6 Kf3 51. b7 Ke4 52. b8=Q Kf3 53. Qb4 Ke3 54. Kb2 Kd3 55. Ka3 Ke3 56. Ka4 Kd3 57. Kb5 Kc2 58. Kc5 Kd3 59. Qd4+ Kc2 60. Qe3 Kb2 61. Kb4 Kc2 62. Qc3+ Kd1 63. Qb2 Ke1 64. Kc3 Kd1 65. Qd2# 1-0

[Event "DVM U10 2024"]
[Site "Duesseldorf"]
[Date "2024.12.27"]
[Round "1"]
[White "von der Thüsen, Gottfried"]
[Black "Götz, Georg"]
[Result "0-1"]
[ECO "C34"]
[WhiteElo "1041"]
[BlackElo "1284"]
[Annotator "NA"]
[PlyCount "32"]
[EventDate "2024.12.23"]
[EventType "team-tourn"]
[EventRounds "7"]
[EventCountry "GER"]
[SourceTitle "playchess.com"]
[Source "ChessBase"]
[SourceQuality "1"]
[TimeControl "3300+5"]

1. e4 e5 2. f4 exf4 3. Nf3 Nc6 4. Bc4 Bc5 5. d4 Be7 6. h4 d6 7. d5 Ne5 8. Nbd2 Nf6 9. Nxe5 dxe5 10. Nf3 Bg4 11. Bb5+ c6 12. dxc6 Qa5+ 13. Bd2 Qxb5 14. Bc3 bxc6 15. Qd2 Nxe4 16. Nxe5 Nxd2 0-1

[Event "DVM U10 2024"]
[Site "Duesseldorf"]
[Date "2024.12.27"]
[Round "1"]
[White "Mettenbrink, Tammo"]
[Black "Nickel, Alexander"]
[Result "0-1"]
[ECO "C55"]
[WhiteElo "1029"]
[BlackElo "1200"]
[Annotator "NA RC"]
[PlyCount "46"]
[EventDate "2024.12.23"]
[EventType "team-tourn"]
[EventRounds "7"]
[EventCountry "GER"]
[SourceTitle "playchess.com"]
[Source "ChessBase"]
[SourceQuality "1"]
[TimeControl "3300+5"]

1. e4 e5 2. Nf3 Nc6 3. Bc4 Nf6 4. Nc3 Nxe4 5. Nxe4 d5 6. Bxd5 Qxd5 7. Nc3 Qd8 8. O-O Bg4 9. Re1 Bd6 10. Re3 O-O 11. Qe1 Bxf3 12. gxf3 Nd4 13. Qd1 Qh4 14. Re4 Qh3 15. Re3 Qh6 16. Re4 f5 17. d3 Qg6+ 18. Rg4 fxg4 19. fxg4 Nf3+ 20. Kh1 Qxg4 21. Qf1 e4 22. Nxe4 Bxh2 23. Qg2 Qh4 0-1

[Event "DVM U10 2024"]
[Site "Duesseldorf"]
[Date "2024.12.27"]
[Round "1"]
[White "Satheesh, Yazhini"]
[Black "Marx, Jakob"]
[Result "1/2-1/2"]
[ECO "C65"]
[WhiteElo "1023"]
[BlackElo "1591"]
[Annotator "NA RC"]
[PlyCount "46"]
[EventDate "2024.12.23"]
[EventType "team-tourn"]
[EventRounds "7"]
[EventCountry "GER"]
[SourceTitle "playchess.com"]
[Source "ChessBase"]
[SourceQuality "1"]
[TimeControl "3300+5"]

1. e4 e5 2. Nf3 Nc6 3. Nc3 Nf6 4. Bb5 d6 5. d3 Be7 6. Bg5 h6 7. Be3 a6 8. Ba4 b5 9. Bb3 Bb7 10. O-O O-O 11. Qd2 Re8 12. Rfe1 Bf8 13. Nd5 Nxd5 14. Bxd5 Qc8 15. Qc3 Ne7 16. Bxb7 Qxb7 17. Rac1 c5 18. b3 f5 19. exf5 Nxf5 20. Bd2 Be7 21. Qb2 Bf6 22. Qa3 Nd4 23. Nxd4 exd4 1/2-1/2

[Event "DVM U10 2024"]
[Site "Duesseldorf"]
[Date "2024.12.27"]
[Round "1"]
[White "Obermeier, Vitus"]
[Black "Kresse, Andreas"]
[Result "1-0"]
[ECO "C50"]
[WhiteElo "982"]
[BlackElo "744"]
[Annotator "NA RC"]
[PlyCount "65"]
[EventDate "2024.12.23"]
[EventType "team-tourn"]
[EventRounds "7"]
[EventCountry "GER"]
[SourceTitle "playchess.com"]
[Source "ChessBase"]
[SourceQuality "1"]
[TimeControl "3300+5"]

1. e4 e5 2. Nf3 Nc6 3. Bc4 Bc5 4. Nxe5 Nxe5 5. d4 Nxc4 6. dxc5 Nf6 7. b3 Ne5 8. Bg5 h6 9. Bxf6 Qxf6 10. Nc3 Ng4 11. Qxg4 d6 12. Qd1 O-O 13. Nd5 Qg6 14. Ne7+ Kh7 15. Nxg6 Kxg6 16. cxd6 cxd6 17. Qxd6+ Kh7 18. Qxf8 a5 19. Rd1 Bg4 20. Qxa8 Bxd1 21. Kxd1 a4 22. bxa4 b5 23. axb5 f5 24. exf5 g6 25. fxg6+ Kxg6 26. Re1 h5 27. Qe4+ Kg5 28. h4+ Kh6 29. Qf4+ Kg6 30. Re6+ Kg7 31. Qf6+ Kh7 32. Qg6+ Kh8 33. Re8# 1-0

[Event "DVM U10 2024"]
[Site "Duesseldorf"]
[Date "2024.12.27"]
[Round "1"]
[White "Wüstenberg, Felix"]
[Black "Tolle, Jonathan"]
[Result "0-1"]
[ECO "C50"]
[WhiteElo "975"]
[BlackElo "1149"]
[Annotator "NA RC"]
[PlyCount "51"]
[EventDate "2024.12.23"]
[EventType "team-tourn"]
[EventRounds "7"]
[EventCountry "GER"]
[SourceTitle "playchess.com"]
[Source "ChessBase"]
[SourceQuality "1"]
[TimeControl "3300+5"]

1. e4 e5 2. Nf3 Nc6 3. Bc4 Bc5 4. Nc3 Nf6 5. d3 h6 6. Be3 Bb6 7. O-O O-O 8. Qd2 d6 9. h3 Be6 10. Bb3 Re8 11. Nd5 Bxd5 12. Bxd5 Nxd5 13. exd5 Ne7 14. c4 Ng6 15. a4 c5 16. a5 Bc7 17. Rfe1 b6 18. a6 Rb8 19. Qc2 Qd7 20. Bd2 b5 21. Reb1 b4 22. b3 Qd8 23. Qa2 Qd7 24. Rd1 Qf5 25. Be3 e4 26. Qa4 0-1

[Event "DVM U10 2024"]
[Site "Duesseldorf"]
[Date "2024.12.27"]
[Round "1"]
[White "Holzhäuser, Thibaut Lautaro"]
[Black "Teletskyi, Andrii"]
[Result "1/2-1/2"]
[ECO "C55"]
[WhiteElo "955"]
[BlackElo "787"]
[Annotator "NA RC"]
[PlyCount "91"]
[EventDate "2024.12.23"]
[EventType "team-tourn"]
[EventRounds "7"]
[EventCountry "GER"]
[SourceTitle "playchess.com"]
[Source "ChessBase"]
[SourceQuality "1"]
[TimeControl "3300+5"]

1. e4 e5 2. Nf3 Nc6 3. Bc4 Be7 4. Nc3 Nf6 5. d3 d6 6. h3 Be6 7. Bb3 O-O 8. Be3 d5 9. exd5 Nxd5 10. Nxd5 Bxd5 11. O-O Bxb3 12. axb3 a6 13. c3 Re8 14. Qc2 Bf6 15. Rad1 Qe7 16. d4 e4 17. Nd2 Rad8 18. Rfe1 h6 19. Bf4 Bg5 20. Rxe4 Qd7 21. Bxg5 hxg5 22. Rde1 a5 23. Rxe8+ Rxe8 24. Rxe8+ Qxe8 25. Qe4 Qxe4 26. Nxe4 f6 27. Kf1 Kf7 28. Ke2 Ke6 29. Kd3 b5 30. c4 bxc4+ 31. bxc4 Nb4+ 32. Ke3 Nc2+ 33. Kd3 Ne1+ 34. Kc3 Nxg2 35. d5+ Ke5 36. Kd3 Nf4+ 37. Ke3 Nxh3 38. f3 Nf4 39. b3 Nxd5+ 40. cxd5 Kxd5 41. Kd3 Ke5 42. Ke3 Kf5 43. Ng3+ Ke5 44. Ne4 Kd5 45. Kd3 Ke5 46. Ke3 1/2-1/2

[Event "DVM U10 2024"]
[Site "Duesseldorf"]
[Date "2024.12.27"]
[Round "1"]
[White "Tong, Minh Huy"]
[Black "Schmidt, Fabian"]
[Result "0-1"]
[ECO "C84"]
[WhiteElo "943"]
[BlackElo "1971"]
[Annotator "RC"]
[PlyCount "56"]
[EventDate "2024.12.23"]
[EventType "team-tourn"]
[EventRounds "7"]
[EventCountry "GER"]
[SourceTitle "playchess.com"]
[Source "ChessBase"]
[SourceQuality "1"]
[TimeControl "3300+5"]

1. e4 e5 2. Nf3 Nc6 3. Bb5 a6 4. Ba4 Nf6 5. d4 exd4 6. O-O Be7 7. c3 Nxe4 8. Re1 Nf6 9. Bf4 dxc3 10. Nxc3 O-O 11. Ne5 Nxe5 12. Bxe5 d6 13. Bf4 Bg4 14. f3 Bf5 15. Bc2 Bxc2 16. Qxc2 Re8 17. Qf2 Qd7 18. Qg3 Nh5 19. Qf2 Nxf4 20. Qd4 Ne6 21. Qg4 Bf6 22. Nd5 Bxb2 23. Rab1 Bd4+ 24. Kf1 Kh8 25. Rxb7 Qc6 26. Nxc7 Nxc7 27. Rxe8+ Rxe8 28. Rb1 Qc4# 0-1

[Event "DVM U10 2024"]
[Site "Duesseldorf"]
[Date "2024.12.27"]
[Round "1"]
[White "Najjar, Anton"]
[Black "Lankenau, Matteo Joel"]
[Result "0-1"]
[ECO "B22"]
[WhiteElo "933"]
[BlackElo "1011"]
[Annotator "NA RC"]
[PlyCount "86"]
[EventDate "2024.12.23"]
[EventType "team-tourn"]
[EventRounds "7"]
[EventCountry "GER"]
[SourceTitle "playchess.com"]
[Source "ChessBase"]
[SourceQuality "1"]
[TimeControl "3300+5"]

1. e4 c5 2. c3 a6 3. d4 cxd4 4. cxd4 Nf6 5. Nc3 d6 6. Nf3 e6 7. Bc4 Bd7 8. O-O Be7 9. Re1 O-O 10. e5 dxe5 11. dxe5 Ne8 12. Be3 Nc7 13. Bb6 Bb5 14. Nxb5 Qxd1 15. Raxd1 Nxb5 16. Bxb5 axb5 17. a3 Nc6 18. Rd7 Rab8 19. Nd4 b4 20. Nxc6 bxc6 21. Bc7 Rbe8 22. Rxe7 Rxe7 23. Bd6 Rb7 24. Bxf8 Kxf8 25. axb4 Rxb4 26. Rb1 Ke7 27. Kf1 Rb5 28. f4 f6 29. exf6+ Kxf6 30. g3 e5 31. fxe5+ Kxe5 32. Rc1 c5 33. Re1+ Kf6 34. Rb1 g5 35. Kg2 h5 36. h4 gxh4 37. gxh4 Kf5 38. Kf3 Rb3+ 39. Kg2 Kg4 40. Rg1 Rxb2+ 41. Kf1+ Kxh4 42. Rh1+ Kg5 43. Rg1+ Kh6 0-1

[Event "DVM U10 2024"]
[Site "Duesseldorf"]
[Date "2024.12.27"]
[Round "1"]
[White "Odbayar, Ekhbayar"]
[Black "Torgoev, Timur"]
[Result "1-0"]
[ECO "C68"]
[WhiteElo "864"]
[BlackElo "1153"]
[Annotator "NA RC"]
[PlyCount "113"]
[EventDate "2024.12.23"]
[EventType "team-tourn"]
[EventRounds "7"]
[EventCountry "GER"]
[SourceTitle "playchess.com"]
[Source "ChessBase"]
[SourceQuality "1"]
[TimeControl "3300+5"]

1. e4 e5 2. Nf3 Nc6 3. Bb5 a6 4. Bxc6 dxc6 5. Nxe5 Qg5 6. Nf3 Qxg2 7. Rg1 Qh3 8. Rg3 Qe6 9. d3 g6 10. Bf4 Bd6 11. Bxd6 Qxd6 12. e5 Qe7 13. d4 Nf6 14. Qe2 Ng4 15. Nc3 O-O 16. d5 f6 17. exf6 Qxe2+ 18. Nxe2 cxd5 19. Rd1 Nxf6 20. Nc3 Re8+ 21. Kf1 Ne4 22. Nxe4 dxe4 23. Nd4 Bf5 24. Nxf5 Kf7 25. Nh6+ Kf6 26. Rd7 Rac8 27. Rxh7 Rf8 28. Ng4+ Kf5 29. Ne3+ Ke5 30. Rxg6 Kd4 31. Rd7+ Ke5 32. Rgg7 Rfd8 33. Rxd8 Rxd8 34. Rxc7 b5 35. Ra7 Rd6 36. c4 Rc6 37. cxb5 axb5 38. Ke2 b4 39. Ra4 Rh6 40. Ng4+ Kf4 41. Nxh6 b3 42. axb3 Ke5 43. b4 Kd5 44. b5 Kc5 45. Rxe4 Kxb5 46. f4 Kc6 47. f5 Kd7 48. f6 Kd8 49. f7 Kd7 50. f8=Q Kc7 51. Re7+ Kc6 52. Qf6+ Kd5 53. Re5+ Kc4 54. Qf4+ Kb3 55. Re3+ Kxb2 56. Qb4+ Ka1 57. Ra3# 1-0

[Event "DVM U10 2024"]
[Site "Duesseldorf"]
[Date "2024.12.27"]
[Round "1"]
[White "Sachse, Alina"]
[Black "Haberger, Nino"]
[Result "0-1"]
[ECO "C00"]
[WhiteElo "848"]
[BlackElo "1098"]
[Annotator "NA RC"]
[PlyCount "96"]
[EventDate "2024.12.23"]
[EventType "team-tourn"]
[EventRounds "7"]
[EventCountry "GER"]
[SourceTitle "playchess.com"]
[Source "ChessBase"]
[SourceQuality "1"]
[TimeControl "3300+5"]

1. e4 e6 2. Bc4 d5 3. Bd3 Bc5 4. f4 Nc6 5. Nf3 Bd7 6. Nc3 Nge7 7. Be2 O-O 8. d3 Re8 9. d4 Bb4 10. Bd2 a6 11. Bd3 Ng6 12. Qe2 b5 13. f5 exf5 14. O-O-O fxe4 15. Bxe4 dxe4 16. Nxe4 Bxd2+ 17. Qxd2 Rxe4 18. Qd3 Re8 19. Qb3 h6 20. Rhf1 Na5 21. Qd5 Be6 22. Qe4 Bxa2 23. Qf5 Be6 24. Qd3 Nc4 25. Rde1 Nf4 26. Qe4 Ng6 27. Ne5 Ngxe5 28. dxe5 Qd2+ 29. Kb1 Qb4 30. Kc1 Qxb2+ 31. Kd1 Rad8+ 32. Ke2 Rd2+ 33. Kf3 Qc3+ 34. Kf4 Rd4 35. Re3 Rxe4+ 36. Rxe4 Qxc2 37. Rf3 Bd5 38. Ree3 Bxf3 39. Rxf3 Rxe5 40. Kg4 Qg6+ 41. Kf4 Rf5+ 42. Ke4 Rxf3+ 43. Kxf3 b4 44. Ke2 Qf5 45. Kd1 Qe4 46. Kc1 Qd3 47. h3 b3 48. g3 Qc2# 0-1

[Event "DVM U10 2024"]
[Site "Duesseldorf"]
[Date "2024.12.27"]
[Round "1"]
[White "Nordmann, Vigo"]
[Black "Thotli, Jathin Krishna"]
[Result "0-1"]
[ECO "C55"]
[WhiteElo "831"]
[BlackElo "1422"]
[Annotator "NA RC"]
[PlyCount "32"]
[EventDate "2024.12.23"]
[EventType "team-tourn"]
[EventRounds "7"]
[EventCountry "GER"]
[SourceTitle "playchess.com"]
[Source "ChessBase"]
[SourceQuality "1"]
[TimeControl "3300+5"]

1. e4 e5 2. Nf3 Nc6 3. Nc3 Bc5 4. Bc4 Nf6 5. Ng5 O-O 6. O-O d6 7. d3 h6 8. Nf3 Bg4 9. Qe2 Nd4 10. Qd1 Nxf3+ 11. gxf3 Bh3 12. Re1 Nh5 13. b3 Qh4 14. Be3 Bxe3 15. Rxe3 Qg5+ 16. Kh1 Qg2# 0-1

[Event "DVM U10 2024"]
[Site "Duesseldorf"]
[Date "2024.12.27"]
[Round "1"]
[White "Vogel, Alexander"]
[Black "Glaser-Gallion, Leonas"]
[Result "1-0"]
[ECO "D06"]
[WhiteElo "787"]
[BlackElo "1000"]
[Annotator "NA RC"]
[PlyCount "101"]
[EventDate "2024.12.23"]
[EventType "team-tourn"]
[EventRounds "7"]
[EventCountry "GER"]
[SourceTitle "playchess.com"]
[Source "ChessBase"]
[SourceQuality "1"]
[TimeControl "3300+5"]

1. d4 d5 2. c4 Nf6 3. cxd5 Nxd5 4. e4 Nb6 5. Nc3 e5 6. d5 Bb4 7. Nf3 Bg4 8. Be2 Na4 9. Qxa4+ c6 10. Qxb4 cxd5 11. Nxd5 Nc6 12. Qxb7 Rc8 13. Bb5 Qd6 14. Qxc8+ Bxc8 15. Bxc6+ Qxc6 16. Nxe5 Qc5 17. Be3 Qa5+ 18. Bd2 Qb5 19. Nc7+ Ke7 20. Nxb5 Re8 21. O-O Ba6 22. a4 Kf8 23. Bb4+ Kg8 24. Nf3 h6 25. Rfe1 Rb8 26. Nc7 Bc4 27. Bc3 Rc8 28. Nd5 Rd8 29. Red1 Bb3 30. Ne7+ Kh7 31. Rxd8 Be6 32. Rd6 a5 33. Rxe6 fxe6 34. Bxa5 e5 35. b4 g5 36. Nxg5+ hxg5 37. Ng6 g4 38. b5 g3 39. b6 gxh2+ 40. Kxh2 Kh6 41. b7 Kh5 42. b8=Q Kg4 43. f3+ Kh5 44. Qxe5+ Kh6 45. Rc1 Kh7 46. Rc7+ Kh6 47. Bd2+ Kxg6 48. Rc6+ Kf7 49. Qc7+ Ke8 50. Rb6 Kf8 51. Rb8# 1-0